 Dungeon Crawl Stone Soup version 0.30-a0-913-g9934a0ce24 (webtiles) character file.

Game seed: 2347823519024784250

13653 Sobieck the Covert (level 11, -1/58 HPs)
             Began as a Spriggan Earth Elementalist on Mar 19, 2023.
             Was a Believer of Ashenzari.
             Shot with an arrow by a centaur (4 damage)
             ... in a volcano.
             The game lasted 00:35:23 (12522 turns).

Sobieck the Covert (Spriggan Earth Elementalist)   Turns: 12522, Time: 00:35:23

Health: -1/58      AC:  5    Str:  4    XL:     11   Next: 78%
Magic:  22/27      EV: 25    Int: 20    God:    Ashenzari [**....]
Gold:   317        SH:  0    Dex: 17    Spells: 22/32 levels left

rFire   . . .      SeeInvis +    a - +1 dagger "Oracular Limitation" {short, Self, Comp} (curse)
rCold   + . .      Faith    .    (no shield)
rNeg    . . .      Spirit   .    i - +2 robe {rC+}
rPois   .          Reflect  .    (helmet restricted)
rElec   .          Rampage  .    u - +0 cloak "Oscillating Fan" {Alch, Fort} (curse)
rCorr   .                        (gloves unavailable)
Will    +....                    (boots unavailable)
Stlth   ++++++                   B - amulet "Chained Omen" {Regen+, @e2, Elem, Melee} (curse)
HPRegen 1.09/turn                (no ring)
MPRegen 0.20/turn                (no ring)

@: very quick
A: very small, no large weapons, unfitting armour, see invisible, speed 3
a: Renounce Religion, Curse Item, Shatter the Chains


You were in a volcano.
You worshipped Ashenzari.
Ashenzari was pleased with you.
You visited 3 branches of the dungeon, and saw 12 of its levels.
You also visited: Volcano.

You collected 584 gold pieces.
You spent 267 gold pieces at shops.


Innate Abilities, Weirdness & Mutations

You are very small and have problems with some larger weapons.
You are too small for most types of armour.
You have supernaturally acute eyesight. (SInv)
You cover ground extremely quickly. (Speed+++)


   Skills:
 + Level 6.1(7.3) Fighting
 + Level 12.0 Dodging
 + Level 14.2 Stealth
 + Level 10.0(11.1) Spellcasting
 + Level 2.8 Conjurations
 - Level 3.9(5.0) Transmutations
 + Level 7.7(8.9) Earth Magic


You had 22 spell levels left.
You knew the following spells:

 Your Spells              Type           Power      Damage    Failure   Level
a - Sandblast             Erth           92%        2d19      1%          1
b - Passwall              Tmut/Erth      32%        N/A       1%          2
c - Stone Arrow           Conj/Erth      68%        3d11      1%          3
d - Petrify               Tmut/Erth      39%        N/A       3%          4

Your spell library contained the following spells:

 Spells                   Type           Power      Damage    Failure   Level
 Borgnjor's Vile Clutch   Necr/Erth      14%        N/A       26%         5
 Animate Dead             Necr           11%        N/A       50%         4
 Death Channel            Necr           5%         N/A       100%        6

Inventory:

Hand Weapons
 a - the cursed +1 dagger "Oracular Limitation" (weapon) {short, Self, Comp}
   (You found it on level 1 of the Dungeon)

   It has a curse which improves the following skills: Introspection: Fighting
   and Spellcasting.
   Companions: Summonings and Necromancy.
 b - a +2 sling of flaming
   (You bought it in a shop on level 1 of the Dungeon)
 g - a +0 club {mace}
   (You found it on level 1 of the Dungeon)
 k - a +0 whip {mace}
   (You found it on level 1 of the Dungeon)
 t - a +3 quarterstaff of chaos {staff}
   (You took it off Crazy Yiuf on level 2 of the Dungeon)
 v - the +9 staff of Wucad Mu {*channel, staff}
   (You found it on level 9 of the Dungeon)

   *Channel:  It occasionally powers its wielder's spells, but with a chance of
   causing confusion or draining the wielder's intelligence.
   It becomes more likely to activate and less likely to backfire with increased
   Evocations skill.
 F - a +4 trident of protection {polearm}
   (You took it off an orc priest on level 4 of the Dungeon)
 W - a +4 rapier {short}
   (You bought it in a shop on level 7 of the Dungeon)
Missiles
 h - 2 curare-tipped darts {=fthrowing}
 n - 6 atropa-tipped darts {throwing}
 p - 6 boomerangs {throwing}
 E - 16 poisoned darts {throwing}
Armour
 i - a +2 robe of cold resistance (worn)
   (You took it off an orc wizard on level 9 of the Dungeon)
 u - the cursed +0 cloak "Oscillating Fan" (worn) {Alch, Fort}
   (You took it off Crazy Yiuf on level 2 of the Dungeon)

   It has a curse which improves the following skills: Alchemy: Poison Magic and
   Transmutations.
   Fortitude: Armour and Shields.
 D - a +0 cloak of poison resistance
   (You found it on level 9 of the Dungeon)
 O - a +0 robe
   (You took it off an orc wizard on level 6 of the Dungeon)
 P - a +0 robe
   (You took it off an orc wizard on level 6 of the Dungeon)
 Q - a +0 robe
   (You took it off an orc wizard on level 6 of the Dungeon)
 S - a +0 robe
   (You took it off an orc wizard on level 7 of the Dungeon)
 U - a +0 robe
   (You found it on level 7 of the Dungeon)
 X - a +0 robe
   (You took it off Pikel on level 7 of the Dungeon)
 Y - a +0 robe
   (You found it on level 7 of the Dungeon)
 Z - a +0 robe
   (You took it off a wight on level 7 of the Dungeon)
Jewellery
 B - the cursed amulet "Chained Omen" (around neck) {Regen+, @e2, Elem, Melee}
   (You took it off an orc on level 3 of the Dungeon)

   [amulet of regeneration]

   Regen:     It increases your rate of health regeneration.
   It has a curse which improves the following skills: Elements: Fire Magic, Ice
   Magic, Air Magic and Earth Magic.
   Melee Combat: Short Blades, Long Blades, Axes, Maces & Flails, Polearms,
   Staves and Unarmed Combat.
Wands
 s - a wand of iceblast (5)
   (You found it on level 9 of the Dungeon)
 T - a wand of polymorph (8)
   (You found it on level 7 of the Dungeon)
Scrolls
 e - a scroll of noise {!r}
 m - 3 scrolls of teleportation {@r4}
 y - a scroll of poison {!r}
 H - a scroll of fear
 K - a scroll of immolation {!r!r}
 L - 2 scrolls of enchant weapon
 M - 2 scrolls of enchant armour
 N - a scroll of fog
 R - 5 scrolls of identify {@r1}
 V - a scroll of blinking {!r}
Potions
 c - 2 potions of cancellation
 d - 2 potions of curing {@q1}
 f - 2 potions of brilliance
 j - 2 potions of might
 l - 2 potions of resistance
 o - a potion of invisibility
 q - 5 potions of heal wounds {@q2}
 r - 3 potions of haste {@q3}
 x - a potion of attraction {!q}
 z - a potion of mutation {!q}
 A - a potion of magic
 C - 2 potions of berserk rage {!q}
 G - 2 potions of lignification {!q}
 I - a potion of ambrosia
 J - a potion of degeneration {!q@e2}
Miscellaneous
 w - a box of beasts
   (You found it on level 9 of the Dungeon)

Dungeon Overview and Level Annotations

Branches:
Dungeon (10/15) Zot: 26633  Temple (1/1) D:6 Zot: 5976    Lair (1/5) D:8 Zot: 5897
Volcano (1/1) Zot: 5956
    Orc: D:9-12

Altars:
Ashenzari
Cheibriados
Elyvilon
Fedhas
Gozag
Hepliaklqana
Makhleb
Okawaru
Qazlal
Ru
Sif Muna
Trog
Vehumet
Wu Jian
Xom
Yredelemnul
Zin
The Shining One

Shops:
D:1 (   D:7 (*   D:8 [

Annotations:
D:5 2 transporters, Demosthentine's ghost, novice DsGl
D:6 2 transporters
Temple 2 transporters
Lair:1 Amaemon

~ ≈≈≈≈≈~..#..[.#
≈≈≈≈≈≈~.'..[.#
≈≈≈≈≈≈~.#..$.#, § *
* ≈≈≈≈≈.≈c##..##.§§
~~ *
≈≈≈≈≈~~..####..≈≈ ~
*
≈≈≈≈≈≈..........≈~~
≈≈≈≈≈≈.c.......≈≈~
*~
≈≈≈≈≈≈~#)######≈≈
≈≈≈≈≈≈≈##†@.## ~~
≈≈≈≈≈≈≈~####.# ~~
** ≈≈≈≈≈≈≈ #∩∩##~
≈≈≈≈≈≈≈~ #### ~ ~
≈≈≈≈≈≈≈ ~ * *
≈≈≈≈≈≈≈~~ ~ * * *
**


You could see a centaur.


Message History

The blast of flame hits the hell hog.
The hell hog completely resists.
The blast of flame misses you.
There is an open door here.
Casting: Sandblast (safe; 1% risk of failure)
Confirm with . or Enter, or press ? or * to list all spells.
Aiming: Sandblast (safe; 1% risk of failure)
Press: ? - help, Shift-Dir - straight line, f - centaur
Aim: a centaur, wielding a +2 shortbow of flaming (91% to hit)
The blast of sand hits the centaur.
The air gets thick with the scent of sulphur.
The centaur completely misses you. The centaur closely misses you.
The hell hog barely misses you.
The centaur unwields a +2 shortbow of flaming.
It stops flaming.
The centaur hits you. The centaur closely misses you.
The centaur misses you. x2; The hell hog misses you.
The centaur hits you. The centaur misses you.
The centaur hits you but does no damage.
The centaur misses you.
Casting: Sandblast (safe; 1% risk of failure)
Confirm with . or Enter, or press ? or * to list all spells.
Aiming: Sandblast (safe; 1% risk of failure)
Press: ? - help, Shift-Dir - straight line, f - hell hog, p - centaur
Aim: a hell hog (almost dead, 87% to hit)
The blast of sand hits the hell hog!!
You kill the hell hog!
The hell hound pauses to sniff the ground.
The centaur misses you. The centaur completely misses you.
The centaur misses you.
The centaur kicks you but does no damage.
The hell hound misses you. The centaur hits you.
The centaur completely misses you. The centaur barely misses you.
The centaur completely misses you.
Your Dodging skill increases to level 12!
Your base Spellcasting skill increases to level 10!
In the distance, the volcano erupts with a roar.
There is an open door here.
Casting: Sandblast (safe; 1% risk of failure)
Confirm with . or Enter, or press ? or * to list all spells.
Aiming: Sandblast (safe; 1% risk of failure)
Press: ? - help, Shift-Dir - straight line, f - hell hound
Aim: a hell hound (79% to hit)
The blast of sand hits the hell hound!!
The hell hound stops to sniff the ground.
The hell hound breathes flames at you. The blast of flame hits you!
* * * LOW HITPOINT WARNING * * *
The hell hound misses you.
Casting: Sandblast (safe; 1% risk of failure)
Confirm with . or Enter, or press ? or * to list all spells.
Aiming: Sandblast (safe; 1% risk of failure)
Press: ? - help, Shift-Dir - straight line, f/p - hell hound
Aim: a hell hound (severely wounded, 79% to hit)
The blast of sand hits the hell hound.
The hell hound breathes flames at you. The blast of flame misses you.
The hell hound misses you.
Casting: Sandblast (safe; 1% risk of failure)
Confirm with . or Enter, or press ? or * to list all spells.
Aiming: Sandblast (safe; 1% risk of failure)
Press: ? - help, Shift-Dir - straight line, f/p - hell hound
Aim: a hell hound (severely wounded, catching its breath, 79% to hit)
The blast of sand hits the hell hound!!
You kill the hell hound!
The centaur wields a +2 shortbow of flaming.
It bursts into flame!
The centaur shoots an arrow.
The arrow completely misses you.
The centaur shoots an arrow.
The arrow completely misses you.
Casting: Sandblast (safe; 1% risk of failure)
Confirm with . or Enter, or press ? or * to list all spells.
Aiming: Sandblast (safe; 1% risk of failure)
Press: ? - help, Shift-Dir - straight line, f - centaur
Aim: a centaur, wielding a +2 shortbow of flaming (lightly wounded, 91% to hit)
The blast of sand hits the centaur!!
You kill the centaur!
The centaur shoots an arrow.
The arrow misses you.
The centaur wields a +2 shortbow of flaming.
It bursts into flame!
The centaur shoots an arrow.
The arrow hits you!
* * * LOW HITPOINT WARNING * * *
The arrow burns you.
* * * LOW HITPOINT WARNING * * *
Casting: Sandblast (safe; 1% risk of failure)
Confirm with . or Enter, or press ? or * to list all spells.
Aiming: Sandblast (safe; 1% risk of failure)
Press: ? - help, Shift-Dir - straight line, f - centaur
Aim: a centaur, wielding a +2 shortbow of flaming (91% to hit)
The blast of sand hits the centaur!
The centaur shoots an arrow.
The arrow misses you.
The centaur shoots an arrow.
The arrow hits you.
* * * LOW HITPOINT WARNING * * *
The arrow burns you.
* * * LOW HITPOINT WARNING * * *
Casting: Sandblast (safe; 1% risk of failure)
Confirm with . or Enter, or press ? or * to list all spells.
Aiming: Sandblast (safe; 1% risk of failure)
Press: ? - help, Shift-Dir - straight line, f/p - centaur
Aim: a centaur, wielding a +2 shortbow of flaming (heavily wounded, 91% to hit)
The blast of sand hits the centaur!!
You kill the centaur!
The centaur shoots an arrow.
The arrow hits you!
* * * LOW HITPOINT WARNING * * *
The arrow burns you.
You die...

Skill      XL: |  1  2  3  4  5  6  7  8  9 10 11 |
---------------+----------------------------------+-----
Dodging        | 3 4 5 6 7 8 11 12 | 12.0
Spellcasting   | 3 4 5 6 8 9 10 | 10.0
Earth Magic    | 3 4 5 6 7 |  7.7
Fighting       | 1 2 3 4 5 6 |  6.1
Stealth        | 4 5 7 8 10 13 14 | 14.2
Transmutations | 3 |  3.9
Conjurations   | 2 |  2.8

Action                     |  1- 3 |  4- 6 |  7- 9 | 10-12 || total
---------------------------+-------+-------+-------+-------++-------
  Melee: Dagger            |       |     8 |    21 |    28 ||    57
         Punch             |       |       |       |     1 ||     1
   Fire: Sling             |       |       |    74 |       ||    74
  Throw: Dart              |       |       |       |     9 ||     9
   Cast: Sandblast         |    64 |    84 |   219 |   189 ||   556
         Passwall          |       |       |     7 |     1 ||     8
         Petrify           |       |       |       |     6 ||     6
         Stone Arrow       |       |       |       |     5 ||     5
 Invoke: Curse Item        |       |       |     2 |     2 ||     4
         Shatter the Chain |       |       |       |     1 ||     1
    Use: Scroll            |       |       |    13 |       ||    13
   Stab: Sleeping          |       |     1 |    16 |    11 ||    28
         Petrified         |       |       |       |     6 ||     6
         Distracted        |       |       |       |     1 ||     1
 Armour: Robe              |     3 |     2 |    15 |    16 ||    36
  Dodge: Dodged            |    12 |    40 |   127 |   209 ||   388

Levels and vault maps discovered:
D:1:      sevenhm_arrival_forest_fort_small_6, layout_rooms, serial_shops,
          nicolae_shop_window_shopping, nicolae_ecumenical_lake_church
D:2:      layout_basic, uniq_crazy_yiuf_cottage, uniq_sigmund
D:3:      layout_basic, grunt_temple_overflow_bloody_war, demons_altar,
          fedhas_altar_2, chequers_serial_rivers_room_b, uniq_terence
D:4:      layout_basic
D:5:      layout_cave_pools, mainiacjoe_overflow_boulevard,
          gammafunk_ghost_stat_death, uniq_prince_ribbit1
D:6:      layout_basic, gammafunk_temple_overflow_arena,
          mainiacjoe_overflow_alcove_2, minmay_temple_entry_enclosed_plants,
          uniq_grinder, uniq_edmund
D:7:      layout_basic, marbit_many_paths, serial_shops,
          nicolae_shop_overgrown_old_shop, nicolae_shop_hallway_stairs,
          uniq_pikel
D:8:      minmay_blocky_corners, layout_basic, nicolae_hepliaklqana_hippocampus,
          mainiacjoe_overflow_tiny_flanked, david_lair_shrubbed,
          nicolae_inconvenience_store
D:9:      minmay_sliced_demisemicircle, layout_irregular_city,
          kennysheep_slug_shrine, wad_dig_loot
D:10:     nicolae_cairo_tiling_large, layout_gridville,
          mainiacjoe_overflow_cross_hatched,
          chequers_temple_overflow_statue_of_worship, serial_bayou_ford_a
Temple:   hellmonk_temple_divided_pantheon
Lair:1:   layout_regular_city, enter_volcano_1, grunt_megastairs_1,
          lemuel_fruit_tree, uniq_amaemon
Volcano:  volcano_village

Notes
Turn   | Place    | Note
-------+----------+-------------------------------------------
     0 | D:1      | Sobieck the Spriggan Earth Elementalist began the quest for
                  | the Orb.
     0 | D:1      | Reached XP level 1. HP: 9/9 MP: 5/5
   369 | D:1      | Found Xyfomob's Antique Weapon Shoppe.
   372 | D:1      | Reached XP level 2. HP: 14/14 MP: 4/6
   421 | D:1      | Reached skill level 3 in Dodging
   510 | D:1      | Reached skill level 3 in Spellcasting
   636 | D:1      | Learned a level 2 spell: Passwall
   693 | D:1      | Found a faded altar of an unknown god.
  1271 | D:2      | Noticed Sigmund
  1426 | D:2      | Reached XP level 3. HP: 17/17 MP: 6/8
  1574 | D:2      | Reached skill level 3 in Earth Magic
  1863 | D:2      | Identified the +0 leather armour of Lugonu's Generosity
                  | {+Inv Will+ Regen+ Int+3}
  2169 | D:3      | Reached skill level 1 in Fighting
  2219 | D:3      | Noticed Terence
  2238 | D:3      | Killed Terence
  2239 | D:3      | Reached skill level 4 in Stealth
  2239 | D:3      | Reached XP level 4. HP: 22/22 MP: 3/10
  2317 | D:3      | Found a burning altar of Makhleb.
  2560 | D:3      | Reached XP level 5. HP: 25/25 MP: 8/11
  2570 | D:3      | Learned a level 3 spell: Stone Arrow
  2679 | D:3      | Found a blossoming altar of Fedhas.
  2729 | D:3      | Reached skill level 4 in Spellcasting
  2758 | D:2      | Reached skill level 4 in Dodging
  2810 | D:2      | Found a runed translucent door.
  2811 | D:2      | Noticed Crazy Yiuf
  2841 | D:2      | Killed Crazy Yiuf
  3055 | D:2      | Killed Sigmund
  3056 | D:2      | Reached skill level 2 in Fighting
  3056 | D:2      | Reached skill level 5 in Stealth
  3056 | D:2      | Reached XP level 6. HP: 27/30 MP: 6/13
  3666 | D:2      | HP: 7/31 [orc/+0 hand axe (5)]
  3668 | D:2      | Reached skill level 4 in Earth Magic
  3821 | D:3      | Reached skill level 5 in Dodging
  3821 | D:3      | Reached XP level 7. HP: 28/35 MP: 10/15
  3987 | D:3      | Found a bloodstained altar of Trog.
  3988 | D:3      | Found an iron altar of Okawaru.
  4124 | D:3      | Reached skill level 6 in Stealth
  4214 | D:4      | Reached skill level 5 in Spellcasting
  4676 | D:4      | Learned a level 4 spell: Petrify
  5057 | D:5      | Entered Level 5 of the Dungeon
  5315 | D:5      | Found a basalt altar of Yredelemnul.
  5369 | D:4      | Reached skill level 3 in Fighting
  5417 | D:1      | Bought a runed sling for 85 gold pieces
  5662 | D:5      | Noticed Prince Ribbit
  5673 | D:5      | Killed Prince Ribbit
  5674 | D:5      | Reached skill level 6 in Dodging
  5674 | D:5      | Reached skill level 7 in Stealth
  5674 | D:5      | Reached XP level 8. HP: 40/40 MP: 15/17
  5774 | D:5      | Reached skill level 6 in Spellcasting
  5912 | D:5      | Found a transporter.
  5939 | D:5      | Found a transporter.
  5940 | D:5      | Noticed Demosthentine's ghost (novice DsGl)
  6230 | D:6      | Reached skill level 5 in Earth Magic
  6313 | D:6      | Noticed Grinder
  6322 | D:6      | Killed Grinder
  6323 | D:6      | Reached skill level 8 in Stealth
  6380 | D:6      | Noticed Edmund
  6465 | D:6      | Found a transporter.
  6485 | D:6      | Noticed a kobold demonologist
  6486 | D:6      | Noticed a hornet
  6487 | D:6      | Reached skill level 7 in Dodging
  6673 | D:6      | Found a staircase to the Ecumenical Temple.
  6679 | Temple   | Entered the Ecumenical Temple
  6679 | Temple   | Found a transporter.
  6679 | Temple   | Found a transporter.
  6681 | Temple   | Found a transporter.
  6681 | Temple   | Found a transporter.
  6699 | Temple   | Became a worshipper of Ashenzari the Shackled
  6753 | D:6      | Killed Edmund
  6754 | D:6      | Reached skill level 4 in Fighting
  6868 | D:6      | Reached XP level 9. HP: 45/45 MP: 16/20
  6994 | D:6      | Found a shimmering altar of Xom.
  7121 | D:6      | Found a transporter.
  7149 | D:6      | Found a white marble altar of Elyvilon.
  7586 | D:7      | Found Vycuneoc's Antique Weapon Shoppe.
  7597 | D:7      | Reached skill level 7 in Spellcasting
  7604 | D:7      | Reached skill level 9 in Stealth
  7681 | D:7      | Found Byczas's Assorted Antiques.
  7690 | D:7      | Bought a glowing rapier for 182 gold pieces
  7719 | D:7      | Noticed Pikel
  7759 | D:7      | Killed Pikel
  7888 | D:7      | Reached skill level 8 in Dodging
  7998 | D:7      | Reached skill level 6 in Earth Magic
  8139 | D:7      | Reached skill level 10 in Stealth
  8140 | D:7      | Found a radiant altar of Vehumet.
  8319 | D:7      | Reached skill level 5 in Fighting
  8322 | D:7      | Reached skill level 8 in Spellcasting
  8429 | D:7      | Reached * piety under Ashenzari
  8821 | D:8      | Found an ornate altar of the Wu Jian Council.
  8888 | D:8      | Noticed a two-headed ogre
  8976 | D:8      | Reached XP level 10. HP: 50/53 MP: 16/24
  9155 | D:8      | Reached ** piety under Ashenzari
  9177 | D:8      | Found a staircase to the Lair.
  9212 | D:8      | Reached skill level 9 in Dodging
  9313 | D:8      | Found a hazy altar of Hepliaklqana.
  9543 | D:8      | Found Bepresm's Armour Emporium.
 10016 | D:9      | Reached skill level 11 in Stealth
 10322 | D:9      | Reached skill level 10 in Dodging
 10388 | D:9      | Reached *** piety under Ashenzari
 10415 | D:9      | Found a snail-covered altar of Cheibriados.
 10423 | D:9      | Reached skill level 12 in Stealth
 10618 | D:9      | Reached skill level 2 in Transmutations
 10635 | D:9      | Reached skill level 3 in Transmutations
 10881 | D:9      | Reached skill level 11 in Dodging
 10882 | D:9      | Reached skill level 13 in Stealth
 11048 | D:9      | Noticed a boulder beetle
 11185 | D:9      | Noticed a boulder beetle
 11286 | D:9      | Killed a boulder beetle
 11287 | D:9      | Reached skill level 9 in Spellcasting
 11287 | D:9      | Reached XP level 11. HP: 20/58 MP: 22/26
 11352 | D:9      | Noticed a deep elf pyromancer
 11353 | D:9      | Noticed a centaur warrior
 11422 | D:9      | Killed a centaur warrior
 11423 | D:9      | Reached skill level 1 in Conjurations
 11423 | D:9      | Reached skill level 7 in Earth Magic
 11503 | D:9      | Killed a deep elf pyromancer
 11766 | D:9      | Found the +9 staff of Wucad Mu {*channel}
 11817 | D:10     | Entered Level 10 of the Dungeon
 11968 | D:10     | Found a stormy altar of Qazlal.
 12180 | D:8      | Killed a two-headed ogre
 12181 | D:8      | Reached skill level 2 in Conjurations
 12199 | D:8      | Noticed a centaur warrior
 12200 | D:8      | Noticed a boulder beetle
 12204 | D:8      | Killed a centaur warrior
 12225 | D:8      | Killed a boulder beetle
 12226 | D:8      | Reached skill level 6 in Fighting
 12256 | D:8      | Could not pick up a +2 executioner's axe of venom
                  | {axerare=g} here; ([A]lways) ignore it?
 12347 | Lair:1   | Entered Level 1 of the Lair of Beasts
 12351 | Lair:1   | Noticed Amaemon
 12359 | Lair:1   | Found a dark tunnel.
 12370 | Lair:1   | Reached skill level 14 in Stealth
 12433 | Lair:1   | You pick up a book of Unlife and begin reading...
 12433 | Lair:1   | You add the spells Animate Dead, Borgnjor's Vile Clutch and
                  | Death Channel to your library.
 12470 | Volcano  | Entered a volcano
 12483 | Volcano  | Identified the +9 fire dragon scales "Icvej" {-Tele rElec
                  | rF++ rC- Str+8 SInv}
 12483 | Volcano  | Noticed a hell hog
 12508 | Volcano  | Killed a hell hog
 12509 | Volcano  | Reached skill level 12 in Dodging
 12509 | Volcano  | Reached skill level 10 in Spellcasting
 12521 | Volcano  | HP: 13/58 [centaur/arrow (6)]
 12522 | Volcano  | HP: 3/58 [centaur/arrow (10)]
 12522 | Volcano  | Shot with an arrow by a centaur

Vanquished Creatures
  2 boulder beetles
  2 centaur warriors
  A two-headed ogre (D:8)
  A hell hog (Volcano)
  Pikel (D:7)
  A deep elf pyromancer (D:9)
  2 manticores
  An orange demon (Lair:1)
  A freezing wraith (D:9)
  2 komodo dragons (D:8)
  A meliai (D:9)
  Grinder (D:6)
  Prince Ribbit (D:5)
  Sigmund (D:2)
  A slime creature (D:9)
  9 yaks (D:9)
  2 wyverns (D:9)
  2 basilisks
  A fire bat (Volcano)
  A vampire mosquito (D:8)
  Edmund (D:6)
  2 acid dragons (D:9)
  A hell hound (Volcano)
  2 water moccasins
  2 orc warriors (D:8)
  3 sky beasts
  3 ice beasts
  A black bear (D:5)
  An ogre (D:6)
  4 centaurs
  A phantom (D:5)
  A lemure (D:7)
  3 kobold brigands
  3 bullfrogs
  2 scorpions
  4 wights (D:7)
  10 killer bees
  13 orc priests
  2 jellies
  A sleepcap (D:6)
  Crazy Yiuf (D:2)
  3 iguanas (D:6)
  7 hounds
  3 iron imps
  Terence (D:3)
  14 orc wizards
  A centaur simulacrum (D:9)
  7 adders
  10 gnolls
  2 white imps
  2 ufetubi
  A worm (D:3)
  4 dart slugs
  47 orcs
  2 endoplasms
  3 giant cockroaches
  8 goblins
  8 hobgoblins
  19 kobolds
  2 quokkas
  5 ball pythons
  8 bats
  4 frilled lizards
  6 rats
262 creatures vanquished.

Vanquished Creatures (others)
  An orc wizard (D:9)
  3 fungi
  11 plants
15 creatures vanquished.

Grand Total: 277 creatures vanquished

Table legend:
 A = Non-vault XP
 B = Vault XP
 C = Vault XP percentage of total XP
 D = Non-vault monster count
 E = Vault monster count
 F = Vault count percentage of total count
                 A         B        C        D         E       F
            +---------+---------+-------+---------+---------+-------
      Total |    7948 |   11669 |  59.5 |     223 |      38 |  14.6
            +---------+---------+-------+---------+---------+-------
        D:1 |      28 |       0 |   0.0 |      16 |       0 |   0.0
        D:2 |      84 |     310 |  78.7 |      18 |       3 |  14.3
        D:3 |     270 |     117 |  30.2 |      25 |       4 |  13.8
        D:4 |     388 |       0 |   0.0 |      21 |       0 |   0.0
        D:5 |     484 |     268 |  35.6 |      16 |       1 |   5.9
        D:6 |     577 |     443 |  43.4 |      25 |       2 |   7.4
        D:7 |    1555 |     661 |  29.8 |      35 |       2 |   5.4
        D:8 |    1167 |    4015 |  77.5 |      23 |       8 |  25.8
        D:9 |    3257 |    4051 |  55.4 |      37 |      12 |  24.5
       D:10 |     138 |       0 |   0.0 |       7 |       0 |   0.0
     Lair:1 |       0 |     445 | 100.0 |       0 |       1 | 100.0
    Volcano |       0 |    1359 | 100.0 |       0 |       5 | 100.0
            +---------+---------+-------+---------+---------+-------

Illustrated notes

Table legend:
 A = Kills in this place as a percentage of kills in the entire game.
 B = Kills by you in this place as a percentage of kills by you in the entire game.
 C = Kills by friends in this place as a percentage of kills by friends in the entire game.
 D = Other kills in this place as a percentage of other kills in the entire game.
 E = Experience gained in this place as a percentage of experience gained in the entire game.
 F = Experience gained in this place divided by the number of levels of this place that you have seen.
                   A       B       C       D       E      F
               +-------+-------+-------+-------+-------+----------------------
         Total | 100.0 | 100.0 |   N/A |   N/A | 100.0 | 1509.0
       Dungeon |  97.7 |  97.7 |   N/A |   N/A |  90.8 | 1781.3
          Lair |   0.4 |   0.4 |   N/A |   N/A |   2.3 | 445.0
       Volcano |   1.9 |   1.9 |   N/A |   N/A |   6.9 | 1359.0
               +-------+-------+-------+-------+-------+----------------------

Table legend: (Time is in decaauts)
 A = Elapsed time spent in this place.
 B = Non-inter-level travel time spent in this place.
 C = Inter-level travel time spent in this place.
 D = Time resting spent in this place.
 E = Time spent auto-exploring this place.
 F = Levels seen in this place.
 G = Mean time per level.
                   A        B        C        D        E       F      G
               +--------+--------+--------+--------+--------+-----+--------+
         Total |   9501 |   8826 |    675 |   1052 |   5441 |  13 |  730.8 |
       Dungeon |   9332 |   8662 |    670 |    989 |   5441 |  10 |  933.2 |
        Temple |     23 |     19 |      4 |      0 |      0 |   1 |   23.0 |
          Lair |    102 |    102 |      0 |     57 |      0 |   1 |  102.0 |
       Volcano |     42 |     42 |      0 |      6 |      0 |   1 |   42.0 |
               +--------+--------+--------+--------+--------+-----+--------+

Top non-repeatable levels by time:
     D:2: 1514 daAuts
     D:9: 1467 daAuts
     D:3: 1042 daAuts
     D:8: 979 daAuts
     D:6: 976 daAuts
     D:7: 923 daAuts
     D:4: 827 daAuts
     D:1: 791 daAuts
     D:5: 606 daAuts
    D:10: 203 daAuts
  Lair:1: 102 daAuts
 Volcano: 42 daAuts
  Temple: 23 daAuts
